 Dungeon Crawl Stone Soup version 0.25.0-26-g0c896c7088 (webtiles) character file.

Game seed: 13218779190705911263

10092 lepoulpe303 the Covert (level 11, -15/53 HPs)
             Began as a Spriggan Enchanter on July 1, 2020.
             Was an Initiate of Gozag.
             Demolished by a merfolk
             ... wielding a +0 trident
              (21 damage)
             ... on level 2 of the Lair of Beasts.
             The game lasted 01:04:58 (16053 turns).

lepoulpe303 the Covert (Spriggan Enchanter)        Turns: 16053, Time: 01:04:58

Health: -15/53     AC:  2    Str:  4    XL:     11   Next: 31%
Magic:  20/23      EV: 25    Int: 20    God:    Gozag
Gold:   1618       SH:  8    Dex: 17    Spells: 13/25 levels left

rFire    . . .     SeeInvis +   a - +1 dagger (venom)
rCold    . . .     Gourm    .   h - +1 buckler
rNeg     . . .     Faith    .   B - +0 robe
rPois    .         Spirit   .   (helmet restricted)
rElec    .         Reflect  .   H - scarf {+Inv}
rCorr    .         Harm     .   (gloves unavailable)
MR       +....                  (boots unavailable)
Stlth    +++.......             R - amulet of regeneration
HPRegen  0.57/turn              (no ring)
MPRegen  0.18/turn              (no ring)

@: confusing touch, slow
A: very small, unfitting armour, see invisible, herbivore, speed 3, slow
metabolism 2
a: Potion Petition, Call Merchant, Bribe Branch, Renounce Religion, Evoke
Invisibility


You were on level 2 of the Lair of Beasts.
You worshipped Gozag.
Gozag was most pleased with you.
You were not hungry.

You visited 2 branches of the dungeon, and saw 13 of its levels.

You collected 1709 gold pieces.
You spent 50 gold pieces at shops.
You paid 41 gold pieces to Gozag.

Inventory:

Hand Weapons
 a - a +1 dagger of venom (weapon)
 b - a +3 short sword
 c - a +1 dagger of protection
Missiles
 g - 2 silver boomerangs
 p - 5 curare-tipped darts
 z - a throwing net {=f}
 D - 20 poisoned darts
 J - 9 atropa-tipped darts (quivered)
Armour
 h - a +1 buckler (worn)
 o - a +0 cloak
 x - a scarf of harm
 B - a +0 robe (worn)
 H - a scarf of invisibility (worn)
Jewellery
 R - an amulet of regeneration (around neck)
Wands
 d - a wand of paralysis (9)
 n - a wand of flame (9)
 s - a wand of iceblast (5)
 y - a wand of polymorph (5)
 L - a wand of acid (8)
Scrolls
 f - 2 scrolls of fear {unknown}
 i - 6 scrolls of identify
 r - 2 scrolls of random uselessness {unknown}
 t - 7 scrolls of teleportation
 v - 4 scrolls of magic mapping {unknown}
 w - 4 scrolls of remove curse
 E - a scroll of silence {unknown}
 F - a scroll of amnesia {unknown}
 I - 2 scrolls of enchant armour
 M - a scroll of torment {unknown}
Potions
 j - 4 potions of brilliance
 k - 3 potions of lignification {!q}
 l - a potion of heal wounds
 m - 3 potions of mutation {!q}
 q - 5 potions of curing
 u - 2 potions of flight
 A - a potion of invisibility
 C - a potion of stabbing
 G - a potion of cancellation
 K - a potion of ambrosia {unknown}
Comestibles
 e - 21 rations


   Skills:
 + Level 4.3 Fighting
 * Level 8.0 Short Blades
 + Level 10.1 Dodging
 + Level 11.3 Stealth
 - Level 4.0 Shields
 + Level 7.5 Spellcasting
 + Level 10.1 Hexes
 - Level 6.0 Evocations


You had 13 spell levels left.
You knew the following spells:

 Your Spells              Type           Power        Failure   Level  Hunger
a - Ensorcelled Hibernat  Hex/Ice        ####..       1%          2    None
b - Dazzling Flash        Conj/Hex       ####..       4%          3    None
c - Confusing Touch       Hex            #####...     1%          3    None
d - Tukima's Dance        Hex            #####...     1%          3    None
v - Corona                Hex            #####..      1%          1    None

Your spell library contained the following spells:

 Spells                   Type           Power        Failure   Level  Hunger


Dungeon Overview and Level Annotations

Branches:
Dungeon (11/15)            Temple (0/1) D:5            Lair (2/6) D:10
 Shoals (0/4) Lair:2          Orc (0/2) D:10
  Snake: Lair:2-4    Spider: Lair:2-4

Altars:
Cheibriados
Elyvilon
Fedhas
Gozag
Kikubaaqudgha
Makhleb
Nemelex Xobeh
Qazlal
Ru
Sif Muna
Yredelemnul

Shops:
D:4 !   D:6 !

Annotations:
D:9 revenir avec dig


Innate Abilities, Weirdness & Mutations

You are very small and have problems with some larger weapons.
You are too small for most types of armour.
You have supernaturally acute eyesight. (SInv)
You are a herbivore.
You cover ground extremely quickly.
You need to consume almost no food.


Message History

The merfolk hits you with a +0 trident!!
You take 21 damage, and have 32/53 hp.
MASSIVE DAMAGE!!
Your hands begin to glow red.
The merfolk hits you with a +0 trident!
* * * LOW HITPOINT WARNING * * *
You take 16 damage, and have 16/53 hp.
MASSIVE DAMAGE!!
You now have 20/23 mp.
Your unstable footing causes you to fumble your attack.
Your unstable footing causes you to fumble your attack.
The merfolk hits you with a +0 trident!
* * * LOW HITPOINT WARNING * * *
You take 12 damage, and have 5/53 hp.
MASSIVE DAMAGE!!
Your unstable footing causes you to fumble your attack.
The merfolk completely misses you.
You fail to use your ability.
The merfolk hits you with a +0 trident!!
You die...
Your body crumbles into a pile of gold.

###...... #.#....>. #####
##....... #≈≈≈# ##......
###≈≈≈# #....... #≈#≈≈≈##
##....... ##≈'###≈#
#........ #≈≈≈#≈≈≈#
##........
#≈>@#≈≈≈###.........
#≈m≈#≈≈≈##..........
#+≈####≈####........ ####
#≈#≈≈≈####.#...##.. #..#
###≈≈≈#.#####.##... ##.#
#.#≈≈≈#.#######....
#..#####.####'..#.###....#
#..............#.<..#.....
##P.##P####.##.....#......


You could see a merfolk.

Levels and vault maps discovered:
D:1:      dpeg_arrival_three_smaller_balls, layout_rooms, serial_glass,
          glass_columns_a, glass_columns_b, hex_tiny, minmay_misc_feat_chi
D:2:      layout_rooms, hex_intersection, nemelex_diamond_rough_becter
D:3:      layout_basic, chequers_ecumenical_altar_simple_redux, uniq_natasha,
          uniq_crazy_yiuf_cottage, uniq_jessica
D:4:      layout_basic, serial_shops, shop, nicolae_gozag_seed_capital
D:5:      old_forge, layout_loops_ring, old_standard_altar, old_standard_altar,
          minmay_temple_entry_arrows, first_ration, kennysheep_path_1
D:6:      layout_loops_cross, slow_altar_2, serial_shops, shop,
          corexii_item_surrounded_by_moat, elyvilon_altar_4
D:7:      layout_loops_corners, fedhas_altar_3,
          nicolae_qazlal_general_emergency, grunt_livestock
D:8:      layout_rooms, kiku_gazebo_garden_becter, nemelex_altar_shiori,
          abandoned_shop, uniq_grum
D:9:      layout_long_grid, basic_altar, hangedman_abyss_or_decor_clamps,
          onia_ninara_dug_in_and_dangerous
D:10:     layout_basic, erik_lair_island, basic_altar
D:11:     minmay_general_purpose_star, layout_rooms
Lair:1:   layout_misc_corridors, serial_bayou_lagoon_b, uniq_prince_ribbit2
Lair:2:   layout_cave_pods, elwin_shoals_entry_rooms,
          grunt_forest_stairs_clearing, grunt_megastairs_2

Notes
Turn   | Place    | Note
-------+----------+-------------------------------------------
     0 | D:1      | lepoulpe303 the Spriggan Enchanter began the quest for the
                  | Orb.
     0 | D:1      | Reached XP level 1. HP: 9/9 MP: 5/5
   237 | D:1      | Identified a +0 club
   240 | D:1      | Identified a +0 club
   248 | D:1      | Reached XP level 2. HP: 13/13 MP: 6/6
   252 | D:1      | Learned a level 2 spell: Ensorcelled Hibernation
   462 | D:2      | Identified a +0 club
   471 | D:2      | Reached skill level 5 in Stealth
   539 | D:2      | Identified a +0 dagger
   541 | D:2      | Identified a +0 dagger
   613 | D:2      | Reached skill level 2 in Short Blades
   701 | D:2      | HP: 1/13 [jackal (3)]
  1014 | D:2      | Identified a +0 robe
  1359 | D:2      | Reached XP level 3. HP: 16/16 MP: 2/8
  1364 | D:2      | Learned a level 3 spell: Confusing Touch
  1818 | D:2      | Identified a +0 club
  1850 | D:2      | Found a sparkling altar of Nemelex Xobeh.
  1943 | D:3      | Identified a +0 club
  1943 | D:3      | Identified a +0 dagger
  1943 | D:3      | Identified a +0 robe
  1943 | D:3      | Identified a +0 dagger
  1945 | D:3      | Reached skill level 3 in Short Blades
  1945 | D:3      | Reached skill level 6 in Stealth
  1945 | D:3      | Reached XP level 4. HP: 21/21 MP: 9/9
  2087 | D:3      | Identified a +0 buckler (You found it on level 1 of the
                  | Dungeon)
  2092 | D:3      | Identified a scarf of harm (You found it on level 2 of the
                  | Dungeon)
  2109 | D:3      | Identified a +0 club
  2136 | D:3      | Identified a +0 leather armour
  2274 | D:3      | Noticed Natasha
  2608 | D:3      | Found a faded altar of an unknown god.
  2614 | D:3      | Identified a cursed +0 whip
  2614 | D:3      | Identified a +0 chain mail
  2644 | D:3      | Identified 3 scrolls of teleportation
  2685 | D:3      | Reached skill level 1 in Shields
  2686 | D:3      | Identified 6 scrolls of identify
  2686 | D:3      | Identified a potion of curing
  2687 | D:3      | Identified a potion of brilliance
  2688 | D:3      | Identified a potion of mutation
  2689 | D:3      | Identified a potion of lignification
  2708 | D:3      | Killed Natasha
  2758 | D:3      | Identified a +0 leather armour
  2758 | D:3      | Identified a +0 short sword
  2764 | D:3      | Identified a +0 hand axe
  2764 | D:3      | Identified a +1 dagger of protection
  2764 | D:3      | Identified a +0 robe
  2797 | D:3      | Reached XP level 5. HP: 13/24 MP: 7/10
  3030 | D:3      | Noticed Natasha
  3177 | D:3      | Killed Natasha
  3219 | D:3      | Noticed Natasha
  3451 | D:3      | Identified a +0 club
  3451 | D:3      | Identified a cursed +0 robe
  3451 | D:3      | Noticed Jessica
  3486 | D:3      | Killed Jessica
  3486 | D:3      | Reached skill level 4 in Short Blades
  3486 | D:3      | Reached skill level 7 in Stealth
  3586 | D:3      | Killed Natasha
  3665 | D:3      | Found a runed translucent door.
  3666 | D:3      | Identified a +4 quarterstaff of chaos
  3666 | D:3      | Identified a +0 cloak
  3666 | D:3      | Noticed Crazy Yiuf
  3673 | D:3      | Killed Crazy Yiuf
  3774 | D:4      | Reached XP level 6. HP: 28/28 MP: 11/11
  3866 | D:4      | Found an opulent altar of Gozag.
  3885 | D:4      | Became a worshipper of Gozag Ym Sagoz the Greedy
  3886 | D:4      | Identified a +0 morningstar
  3886 | D:4      | Identified a +0 leather armour
  3895 | D:4      | Identified a +0 flail
  3895 | D:4      | Identified a +0 leather armour
  3896 | D:4      | Identified a +0 ring mail
  3910 | D:4      | Identified a +0 trident of protection
  4236 | D:4      | Identified a scarf of invisibility (You found it on level 4
                  | of the Dungeon)
  4263 | D:4      | Identified a +0 club
  4263 | D:4      | Identified a +0 ring mail
  4324 | D:4      | Found Giaj's Distillery.
  4327 | D:4      | Bought a potion of heal wounds for 50 gold pieces
  4392 | D:5      | Entered Level 5 of the Dungeon
  4441 | D:5      | Found a staircase to the Ecumenical Temple.
  4593 | D:5      | Reached skill level 8 in Stealth
  4598 | D:5      | Reached skill level 5 in Short Blades
  4598 | D:5      | Reached skill level 2 in Shields
  4663 | D:5      | Reached skill level 3 in Spellcasting
  4663 | D:5      | Reached skill level 4 in Hexes
  4664 | D:5      | Reached XP level 7. HP: 13/32 MP: 0/12
  4690 | D:5      | HP: 8/32 [poisoned by a killer bee]
  4696 | D:5      | HP: 7/32 [poisoned by a killer bee]
  5049 | D:5      | Identified a +0 club
  5087 | D:5      | Found a burning altar of Makhleb.
  5179 | D:5      | Found a sacrificial altar of Ru.
  5198 | D:5      | Identified a +0 mace
  5347 | D:5      | Reached skill level 4 in Spellcasting
  5882 | D:5      | Reached skill level 5 in Hexes
  6027 | D:5      | Identified a +0 giant club
  6076 | D:5      | Reached skill level 3 in Shields
  6102 | D:5      | Identified a +0 club
  6103 | D:5      | Identified a +0 spear
  6561 | D:5      | Reached skill level 1 in Evocations
  6663 | D:5      | Reached XP level 8. HP: 36/36 MP: 11/15
  6683 | D:5      | Reached skill level 6 in Hexes
  6683 | D:5      | Reached skill level 2 in Evocations
  7070 | D:5      | Learned a level 3 spell: Tukima's Dance
  7184 | D:5      | Identified 2 scrolls of remove curse
  7185 | D:5      | Identified a scroll of enchant armour
  7256 | D:6      | Found Yschehos's Distillery.
  7257 | D:6      | Reached skill level 4 in Shields
  7390 | D:6      | Reached skill level 7 in Hexes
  7438 | D:6      | Identified a +0 battleaxe
  7438 | D:6      | Identified a +0 plate armour
  7439 | D:6      | Identified a +0 dagger of venom
  7439 | D:6      | Identified a +0 robe
  7525 | D:6      | Identified a +0 dagger
  7525 | D:6      | Identified a +0 robe
  7525 | D:6      | Identified a +0 short sword
  7525 | D:6      | Identified a +0 leather armour
  7526 | D:6      | Identified a +0 hand axe
  7527 | D:6      | Identified a +0 dagger
  7527 | D:6      | Identified a +0 robe
  7565 | D:6      | Reached skill level 8 in Hexes
  7644 | D:6      | Found a white marble altar of Elyvilon.
  7861 | D:6      | HP: 8/37 [bullfrog (7)]
  7863 | D:6      | Reached skill level 1 in Fighting
  8168 | D:6      | Found a snail-covered altar of Cheibriados.
  8273 | D:6      | Reached skill level 4 in Dodging
  8273 | D:6      | Reached skill level 3 in Evocations
  8460 | D:7      | Identified a +0 giant spiked club
  8464 | D:7      | HP: 8/39 [ogre/+0 giant spiked club (31)]
  8489 | D:7      | Reached skill level 2 in Fighting
  8489 | D:7      | Reached skill level 5 in Dodging
  8489 | D:7      | Reached skill level 4 in Evocations
  8489 | D:7      | Reached XP level 9. HP: 11/42 MP: 16/16
  8637 | D:7      | Learned a level 3 spell: Dazzling Flash
  8818 | D:7      | Identified a +0 dagger
  8818 | D:7      | Identified a +0 robe
  8823 | D:7      | Identified a +0 scimitar
  8823 | D:7      | Identified a +0 plate armour
  8823 | D:7      | Identified a +0 dagger
  8823 | D:7      | Identified a +0 leather armour
  8823 | D:7      | Identified a +0 flail
  8938 | D:7      | Identified a +0 dagger
  8938 | D:7      | Identified a +0 robe
  9014 | D:7      | Reached skill level 6 in Dodging
  9075 | D:7      | Reached skill level 3 in Fighting
  9083 | D:7      | Found a blossoming altar of Fedhas.
  9100 | D:7      | Identified a +0 dagger
  9100 | D:7      | Identified a +0 robe
  9109 | D:7      | Identified a +0 mace
  9109 | D:7      | Identified a +0 ring mail
  9113 | D:7      | Identified a +0 club
  9169 | D:7      | Identified a +0 leather armour
  9420 | D:7      | sentinel: !subscribe
  9427 | D:7      | Reached skill level 7 in Dodging
  9531 | D:7      | Identified a +0 hand axe
  9531 | D:7      | Identified a +0 animal skin
  9532 | D:7      | sentinel: !follow
  9541 | D:7      | sentinel: !help
  9541 | D:7      | meem: I'm a bot that sends commands to the DCSS IRC
                  | knowledge bots. Check out
                  | http://www.dungeoncrawlstonesoup.com/meemcommandguide.html
                  | for information on how to use this bot. I was made as an
                  | upgrade to beem by MalcolmRose of rosecrypto.com. I will
                  | never ban you, make you cry, say goodbye, or tell a lie and
                  | hurt you. To have me watch your games on this server, type
                  | !subscribemeem - to make me go away, type !quitmeem - to
                  | contact the owner, visit https://discord.gg/BYadyrm
  9618 | D:7      | Reached skill level 8 in Dodging
 10056 | D:7      | Found a stormy altar of Qazlal.
 10230 | D:8      | Identified a +0 glaive
 10230 | D:8      | Identified a +0 animal skin
 10230 | D:8      | Noticed Grum
 10473 | D:8      | Reached skill level 5 in Evocations
 10508 | D:8      | Killed Grum
 10508 | D:8      | Reached skill level 5 in Spellcasting
 10625 | D:8      | Identified a +2 dagger of electrocution
 10625 | D:8      | Identified a +0 robe
 10627 | D:8      | Identified a cursed +0 whip
 10628 | D:8      | Identified a +0 long sword
 10628 | D:8      | Identified a +0 robe
 10631 | D:8      | Identified a +0 war axe
 10662 | D:8      | Identified a +3 short sword
 10662 | D:8      | Identified a +0 robe
 10670 | D:8      | Identified a +0 halberd
 10670 | D:8      | Identified a +0 robe
 10699 | D:8      | Reached skill level 9 in Stealth
 10705 | D:8      | Reached XP level 10. HP: 29/49 MP: 12/18
 10710 | D:8      | Identified a +0 dagger
 10710 | D:8      | Identified a cursed +0 robe
 10755 | D:8      | Identified a +3 flail
 10755 | D:8      | Identified a +0 robe
 10800 | D:8      | Reached skill level 9 in Dodging
 11180 | D:8      | Identified a +0 giant spiked club
 11180 | D:8      | Identified a +0 giant spiked club
 11180 | D:8      | Noticed a two-headed ogre
 11187 | D:8      | Reached skill level 6 in Short Blades
 11226 | D:8      | Killed a two-headed ogre
 11382 | D:8      | Reached skill level 9 in Hexes
 11383 | D:8      | Found an ancient bone altar of Kikubaaqudgha.
 11385 | D:8      | Identified 2 potions of flight
 11386 | D:8      | Identified a potion of cancellation
 11387 | D:8      | Identified a potion of stabbing
 11442 | D:8      | Found a sparkling altar of Nemelex Xobeh.
 11533 | D:9      | Found a shimmering blue altar of Sif Muna.
 11827 | D:9      | Identified a +0 giant spiked club
 11849 | D:9      | Reached skill level 6 in Evocations
 11958 | D:9      | Identified a +0 shortbow
 12372 | D:9      | Noticed an unseen horror
 12373 | D:9      | Identified a +0 whip
 12373 | D:9      | Identified a +0 robe
 12373 | D:9      | Noticed a rakshasa
 12519 | D:10     | Entered Level 10 of the Dungeon
 12519 | D:10     | Identified a cursed -2 shortbow
 12674 | D:10     | Identified a +0 dagger
 12674 | D:10     | Identified a +0 leather armour
 12681 | D:10     | Identified an amulet of regeneration (You found it on level
                  | 9 of the Dungeon)
 12683 | D:10     | Identified a scroll of enchant weapon
 12733 | D:10     | Found a basalt altar of Yredelemnul.
 12766 | D:9      | Reached skill level 6 in Spellcasting
 12946 | D:10     | Reached skill level 10 in Stealth
 13038 | D:10     | Identified a +1 vorpal shortbow
 13059 | D:10     | HP: 7/49 [troll (8)]
 13362 | D:10     | Reached skill level 10 in Dodging
 13403 | D:10     | Found a staircase to the Lair.
 13595 | D:10     | Reached skill level 7 in Short Blades
 13707 | D:10     | Found a staircase to the Orcish Mines.
 13820 | Lair:1   | Entered Level 1 of the Lair of Beasts
 13879 | Lair:1   | Noticed Prince Ribbit
 14224 | Lair:1   | HP: 12/49 [Prince Ribbit (6)]
 14229 | Lair:1   | Killed Prince Ribbit
 14238 | Lair:1   | Reached XP level 11. HP: 17/53 MP: 22/22
 14254 | Lair:1   | HP: 12/53 [blink frog[Prince Ribbit] (13)]
 14460 | Lair:1   | Reached skill level 7 in Spellcasting
 14533 | Lair:1   | Identified a ring of attention (You found it on level 1 of
                  | the Lair of Beasts)
 14975 | Lair:2   | Reached skill level 4 in Fighting
 14991 | Lair:2   | Reached skill level 11 in Stealth
 14991 | Lair:2   | Reached skill level 10 in Hexes
 15029 | Lair:2   | Identified a +0 short sword
 15029 | Lair:2   | Identified a +0 robe
 15897 | Lair:2   | Reached skill level 8 in Short Blades
 16044 | Lair:2   | Found a staircase to the Shoals.
 16044 | Lair:2   | Identified a +0 trident
 16051 | Lair:2   | HP: 5/53 [merfolk/+0 trident (12)]
 16053 | Lair:2   | Demolished by a merfolk

Table legend:
 A = Turns spent in this place as a percentage of turns spent in the entire game.
 B = Non-inter-level travel turns spent in this place as a percentage of non-inter-level travel turns spent in the entire game.
 C = Inter-level travel turns spent in this place as a percentage of turns spent in this place.
 D = Turns resting spent in this place as a percentage of non-inter-level travel turns spent in this place.
 E = Turns spent auto-exploring this place as a percentage of non-inter-level travel turns spent in this place.
 F = Non-inter-level travel turns spent in this place divided by the number of levels of this place that you've seen.
                   A       B       C       D       E      F
               +-------+-------+-------+-------+-------+----------------------
         Total | 100.0 | 100.0 |   4.2 |  29.8 |  41.8 | 1182.5
       Dungeon |  87.2 |  86.8 |   4.7 |  33.0 |  37.7 | 1213.0
          Lair |  12.8 |  13.2 |   1.3 |   8.9 |  68.9 | 1014.5
               +-------+-------+-------+-------+-------+----------------------

Table legend:
 A = Kills in this place as a percentage of kills in entire the game.
 B = Kills by you in this place as a percentage of kills by you in the entire game.
 C = Kills by friends in this place as a percentage of kills by friends in the entire game.
 D = Other kills in this place as a percentage of other kills in the entire game.
 E = Experience gained in this place as a percentage of experience gained in the entire game.
 F = Experience gained in this place divided by the number of levels of this place that you have seen.
                   A       B       C       D       E      F
               +-------+-------+-------+-------+-------+----------------------
         Total | 100.0 | 100.0 | 100.0 | 100.0 | 100.0 | 1109.1
       Dungeon |  88.8 |  88.7 | 100.0 | 100.0 |  66.5 | 872.2
          Lair |  11.2 |  11.3 |   0.0 |   0.0 |  33.5 | 2412.0
               +-------+-------+-------+-------+-------+----------------------

Skill      XL: |  1  2  3  4  5  6  7  8  9 10 11 |
---------------+----------------------------------+-----
Stealth        | 5 6 7 8 9 10 11 | 11.3
Short Blades   | 2 3 4 5 7 8 |  8.0
Shields        | 1 2 3 4 |  4.0
Spellcasting   | 3 4 5 6 7 |  7.5
Hexes          | 4 5 8 9 10 | 10.1
Evocations     | 1 4 5 6 |  6.0
Fighting       | 2 3 4 |  4.3
Dodging        | 5 8 10 | 10.1

Action                   |  1- 3 |  4- 6 |  7- 9 | 10-12 || total
-------------------------+-------+-------+-------+-------++-------
Melee: Dagger            |   136 |   328 |   466 |   353 ||  1283
Throw: Dart              |       |     1 |     3 |    18 ||    22
 Cast: Ensorcelled Hiber |     7 |    28 |    42 |    14 ||    91
       Corona            |     1 |     1 |       |       ||     2
       Confusing Touch   |       |       |    11 |    12 ||    23
       Tukima's Dance    |       |       |     2 |       ||     2
 Abil: Evoke Invisibilit |       |       |       |     1 ||     1
Evoke: Wand              |       |     2 |     2 |     2 ||     6
  Use: Scroll            |       |     5 |     3 |     7 ||    15
       Potion            |       |     1 |       |       ||     1
 Stab: Sleeping          |    12 |    17 |    32 |    19 ||    80
       Distracted        |       |       |     3 |     1 ||     4
       Confused          |       |       |     9 |    13 ||    22
       Held in net/web   |       |       |     1 |       ||     1
       Paralysed         |       |       |       |     2 ||     2
       Invisible         |       |       |       |     3 ||     3
  Eat: Ration            |       |     2 |     5 |     3 ||    10
Armor: Robe              |    10 |    42 |    35 |     7 ||    94
Dodge: Dodged            |   129 |   179 |   220 |   211 ||   739
Block: Buckler           |       |    73 |   101 |    82 ||   256

Vanquished Creatures
  A two-headed ogre (D:8)
  A black mamba (Lair:1)
  A spiny frog (Lair:2)
  A komodo dragon (Lair:2)
  2 trolls
  Prince Ribbit (Lair:1)
  A polar bear (Lair:2)
  4 blink frogs (Lair:1)
  A hippogriff (Lair:1)
  A spriggan (Lair:2)
  A vampire (D:8)
  A human (D:7)
  4 hogs (D:7)
  Grum (D:8)
  3 water moccasins
  A porcupine (Lair:2)
  2 black bears
  2 ice beasts
  2 sky beasts
  2 orc warriors
  A necrophage (D:7)
  2 ogres
  11 wolves
  3 centaurs
  A crocodile (Lair:2)
  6 bullfrogs
  A water moccasin zombie (D:7)
  10 scorpions
  6 killer bees
  4 wights (D:8)
  2 howler monkeys
  6 electric eels
  8 crimson imps
  A centaur zombie (D:10)
  10 hounds
  2 orc priests
  9 orc wizards
  Crazy Yiuf (D:3)
  Jessica (D:3)
  An iguana (D:7)
  7 worker ants
  Natasha (thrice) (D:3)
  A hound zombie (D:7)
  A mummy (D:6)
  A worker ant zombie (D:5)
  3 gnolls (D:5)
  9 adders
  An adder skeleton (D:9)
  2 worms (D:2)
  A dart slug (D:2)
  5 leopard geckos
  24 orcs
  9 bats
  3 giant cockroaches
  4 goblins
  8 hobgoblins
  2 jackals (D:2)
  4 kobolds (D:2)
  4 quokkas
  A ball python (D:3)
  5 frilled lizards
  2 leopard gecko zombies
  3 rats
222 creatures vanquished.

Vanquished Creatures (collateral kills)
  An orc wizard (D:6)
  An orc (D:6)
2 creatures vanquished.

Vanquished Creatures (others)
  15 fungi
15 creatures vanquished.

Grand Total: 239 creatures vanquished
